 Dungeon Crawl Stone Soup version 0.28-a0-1087-gf3fc490d9d (webtiles) character file.

Game seed: 15818605644293772789

123 bande the Shield-Bearer (level 5, -1/33 HPs)
             Began as a Gargoyle Fighter on Dec 11, 2021.
             Slain by a sky beast (2 damage)
             ... on level 3 of the Dungeon.
             The game lasted 00:04:07 (2741 turns).

bande the Shield-Bearer (Gargoyle Fighter)          Turns: 2741, Time: 00:04:07

Health: -1/33      AC: 12    Str: 19    XL:     5   Next: 7%
Magic:  5/5        EV:  9    Int:  9    God:
Gold:   38         SH:  5    Dex: 11    Spells: 4/4 levels left

rFire   . . .      SeeInvis .   a - +0 war axe
rCold   . . .      Faith    +   c - +1 buckler
rNeg    + . .      Spirit   .   b - +0 scale mail
rPois   ∞          Reflect  .   (no helmet)
rElec   +          Harm     .   (no cloak)
rCorr   .          Rampage  .   (no gloves)
Will    .....                   j - +0 pair of boots
Stlth   ..........              i - amulet of faith
HPRegen 0.11/turn               (no ring)
MPRegen 0.09/turn               (no ring)

@: no status effects
A: sickness immunity, AC +4, negative energy resistance 1, electricity
resistance, torment resistance 1, petrification resistance
a: no special abilities


You were on level 3 of the Dungeon.
You visited 1 branch of the dungeon, and saw 3 of its levels.

You collected 38 gold pieces.

Inventory:

Hand Weapons
 a - a +0 war axe (weapon)
 h - a +0 flail
Armour
 b - a +0 scale mail (worn)
 c - a +1 buckler (worn)
 j - a +0 pair of boots (worn)
Jewellery
 i - an amulet of faith (around neck)
Scrolls
 g - a scroll of teleportation
Potions
 d - a potion of might
 e - a potion of haste {unknown}
 f - a potion of lignification {unknown}
 k - 2 potions of curing
 m - a potion of ambrosia {unknown}


   Skills:
 + Level 3.9 Fighting
 + Level 3.2 Axes
 + Level 4.0 Armour
 + Level 4.0 Shields


You had 4 spell levels left.
You didn't know any spells.
Your spell library contained the following spells:

 Spells                   Type           Power      Damage    Failure   Level
 Passwall                 Tmut/Erth      0%         N/A       87%         2
 Swiftness                Air            0%         N/A       98%         3
 Cause Fear               Hex            0%         N/A       100%        4
 Dragon Form              Tmut           0%         N/A       100%        7
 Dragon's Call            Summ           0%         N/A       100%        9


Dungeon Overview and Level Annotations

Branches:
Dungeon (3/15)

Altars:


Innate Abilities, Weirdness & Mutations

You are immune to sickness and miasma.
Your stone body is resilient. (AC +4)
You are immune to poison.
You resist negative energy. (rN+)
You are resistant to electric shocks. (rElec)
You are resistant to unholy torment.
You are immune to petrification.


Message History

You have reached level 5!
You closely miss the sky beast.
You closely miss the water moccasin skeleton.
The water moccasin skeleton closely misses you.
The sky beast hits you but does no damage.
Unknown command.
You completely miss the sky beast.
You barely miss the water moccasin skeleton.
The water moccasin skeleton closely misses you.
The sky beast hits you but does no damage.
The water moccasin skeleton closely misses you.
You hit the sky beast.
The sky beast is lightly wounded.
You barely miss the water moccasin skeleton.
The water moccasin skeleton closely misses you.
The sky beast flickers out of sight!
Deactivating autopickup; reactivate with Ctrl-A.
Something hits you but does no damage. The water moccasin skeleton bites you.
* * * LOW HITPOINT WARNING * * *
Something completely misses you.
You completely miss something. You slash the water moccasin skeleton!
The water moccasin skeleton bites you but does no damage.
Something hits you but does no damage.
You completely miss something. You hit the water moccasin skeleton.
The water moccasin skeleton barely misses you.
Something hits you but does no damage.
The water moccasin skeleton bites you but does no damage.
You miss something. You hit the water moccasin skeleton.
Something hits you but does no damage. The water moccasin skeleton bites you.
* * * LOW HITPOINT WARNING * * *
The water moccasin skeleton bites you but does no damage.
You block something's attack.
You hit something. You hit the water moccasin skeleton.
The water moccasin skeleton bites you but does no damage.
A sky beast appears from thin air!
Reactivating autopickup.
The sky beast hits you.
* * * LOW HITPOINT WARNING * * *
The sky beast shocks you. You resist.
You die...

.##*####.#*,*,***,,*,,*,**,,,***,
..## *..***,,*,,,,,*,**,,*,,*,,
...## *,,*,,,,***,,*,**,,,**,***
##..####,**,**,,*,,*,**,,*,,*,,*,
##...>.##****,,,**,,**,,,**,**,**
.#......##*,,,*,,+,**,,*,,*,,*,,+
.####....#######*****************
...####.....$..####*,,,,,,,,,****
...# ######.#..@Y#*,,,,,,,,,,,,,
#### *,,,+.#...Z......,,,,,****
*,,,###.######...,,,,,*
**,,**#..# *,,.,,,,,*
*****,,,*...## *,,,,,,,,***
***,,,****#.##* ****,,,,,,,*
,,,,*** ##* *,,,,,,,* ,****
*,,,,,,,* ** *********


You could see a sky beast and a water moccasin skeleton.

Vanquished Creatures
  An orc priest (D:3)
  3 adders (D:2)
  A dart slug (D:1)
  2 orcs (D:3)
  5 endoplasms (D:1)
  2 giant cockroaches
  5 hobgoblins
  4 jackals (D:2)
  7 kobolds
  2 quokkas (D:2)
  10 ball pythons
  5 bats
  A frilled lizard (D:1)
  8 goblins
  4 rats
60 creatures vanquished.

Notes
Turn   | Place    | Note
-------+----------+-------------------------------------------
     0 | D:1      | bande the Gargoyle Fighter began the quest for the Orb.
     0 | D:1      | Reached XP level 1. HP: 14/14 MP: 1/1
   387 | D:1      | Reached XP level 2. HP: 19/19 MP: 2/2
   468 | D:1      | Found a faded altar of an unknown god.
  1114 | D:1      | Reached XP level 3. HP: 23/23 MP: 3/3
  2513 | D:2      | Reached XP level 4. HP: 29/29 MP: 4/4
  2730 | D:3      | Noticed a sky beast
  2735 | D:3      | Reached XP level 5. HP: 8/33 MP: 5/5
  2741 | D:3      | HP: 1/33 [sky beast (1)]
  2741 | D:3      | Slain by a sky beast

Illustrated notes

Levels and vault maps discovered:
D:1:      minmay_arrival_radiant_lines, layout_loops_ring,
          shapermc_ecumenical_altar_totnotflames, chequers_serial_rivers_large_b
D:2:      kennysheep_the_goblin_king, layout_loops_corners, moated_statue,
          st_stairs_8
D:3:      minmay_razor_zed, layout_rooms, serial_shops,
          nicolae_shop_statue_plus, kennysheep_nondescript

Skill      XL: |  1  2  3  4 |
---------------+-------------+-----
Axes           | 2 3 |  3.2
Armour         | 4 |  4.0
Shields        | 4 |  4.0
Fighting       | |  3.9

Action                   |  1- 3 |  4- 6 || total
-------------------------+-------+-------++-------
Melee: War axe           |   130 |    42 ||   172
  Use: Scroll            |     6 |     2 ||     8
Armor: Scale mail        |    69 |    40 ||   109
Dodge: Dodged            |    65 |    30 ||    95
Block: Buckler           |    35 |    11 ||    46

Table legend: (Time is in decaauts)
 A = Elapsed time spent in this place.
 B = Non-inter-level travel time spent in this place.
 C = Inter-level travel time spent in this place.
 D = Time resting spent in this place.
 E = Time spent auto-exploring this place.
 F = Levels seen in this place.
 G = Mean time per level.
                   A        B        C        D        E       F      G
               +--------+--------+--------+--------+--------+-----+--------+
         Total |   2838 |   2785 |     53 |    420 |   1880 |   3 |  946.0 |
       Dungeon |   2838 |   2785 |     53 |    420 |   1880 |   3 |  946.0 |
               +--------+--------+--------+--------+--------+-----+--------+

Top non-repeatable levels by time:
     D:1: 1492 daAuts
     D:2: 1246 daAuts
     D:3: 99 daAuts
